 Dungeon Crawl Stone Soup version 0.32-a0-7-ge934b4519a (console) character file.

Game seed: 3352582206539819659

59 petzl the Sneak (level 4, -1/33 (35) HPs)
             Began as a Formicid Delver on Jan 14, 2024.
             Slain by an orc
             ... wielding a +1 whip of electrocution
              (4 damage)
             ... on level 4 of the Dungeon.
             The game lasted 00:05:24 (1354 turns).

petzl the Sneak (Formicid Delver)                   Turns: 1354, Time: 00:05:24

HP:   -1/33 (35)    AC:  3    Str: 16    XL:     4   Next: 22%
MP:   9/9           EV: 12    Int: 18    God:
Gold: 63            SH:  0    Dex: 15    Spells: 9/9 levels left

rFire   . . .        a - +0 dagger (elec) {!f =f}
rCold   . . .        (no shield)
rNeg    . . .        b - +0 leather armour
rPois   +            (helmet unavailable)
rElec   .            (no cloak)
rCorr   .            (no gloves)
SInv    +            (no boots)
Will    .....        (no amulet)
Stlth   +++          o - +6 ring of intelligence
HPRegen 0.25/turn    q - ring of poison resistance
MPRegen 0.11/turn

%: no passive effects
@: drained
A: permanent stasis, dig shafts and tunnels, antennae 3, four strong arms
a: Dig, Shaft Self


You were on level 4 of the Dungeon.
You visited 1 branch of the dungeon, and saw 6 of its levels.

You collected 63 gold pieces.

Inventory:

Hand Weapons
 a - a +0 dagger of electrocution (weapon) {!f =f}
Missiles
 i - 3 boomerangs
 n - 4 poisoned darts
Armour
 b - a +0 leather armour (worn)
Jewellery
 o - a +6 ring of intelligence (left hand)
 q - a ring of poison resistance (right hand)
Wands
 f - a wand of digging (3)
Scrolls
 c - a scroll of fog
 d - a scroll of revelation
 j - a scroll of vulnerability {unknown}
 k - a scroll of identify {unknown}
 l - a scroll of amnesia {unknown}
 m - 3 scrolls of enchant weapon {unknown}
 p - a scroll of teleportation {unknown}
Potions
 e - a potion of haste {unknown}
 g - a potion of lignification {unknown}
 h - a potion of attraction {unknown}


   Skills:
 - Level 3.3 Fighting
 - Level 2.0 Maces & Flails
 - Level 1.8 Dodging
 - Level 6.0 Stealth
 + Level 3.4 Spellcasting


You had 9 spell levels left.
You didn't know any spells.
Your spell library was empty.

Dungeon Overview and Level Annotations

Branches:
Dungeon (6/15)
 Temple: D:4-7

Altars:

Annotations:
D:1 1 runed translucent door
D:2 Jessica
D:3 exclusion: downstairs
D:5 exclusions: downstairs, lemure, ogre, 2 sensed monsters (detected) and 1 more exclusion
D:6 Jeremiah


Innate Abilities, Weirdness & Mutations

You cannot be hasted, slowed, berserked, paralysed or teleported.
You can dig through walls and to a lower floor.
You have a pair of large antennae on your head. (SInv)
Your four strong arms can wield two-handed weapons with a shield.


Message History

There is an open door here.
You extend your mandibles.
You dig through the translucent rock wall.
You feel drained.
An orc comes into view. It is wielding a +0 flail.
You retract your mandibles.
A hobgoblin comes into view.
An orc comes into view.
It is wielding a +1 whip of electrocution.
The hobgoblin shouts!
The orc shouts!
The orc hits you with a +0 flail!
You hit the orc. Lightning courses through the orc!
You kill the orc!
An endoplasm comes into view.
You barely miss the hobgoblin. The hobgoblin misses you.
You barely miss the hobgoblin.
The hobgoblin hits you but does no damage.
You hit the hobgoblin but do no damage. The hobgoblin closely misses you.
The endoplasm quivers.
You hit the hobgoblin.
The hobgoblin is heavily wounded.
An orc comes into view. It is wielding a +0 short sword.
The hobgoblin hits you.
You closely miss the hobgoblin.
The hobgoblin is heavily wounded.
The hobgoblin barely misses you.
Unknown command.
You hit the hobgoblin.
You kill the hobgoblin!
You closely miss the orc. The orc barely misses you.
You barely miss the orc. The orc closely misses you.
You hit the orc.
The orc is lightly wounded.
The orc hits you with a +1 whip of electrocution.
You are electrocuted!!
Ouch! That really hurt!
* * * LOW HITPOINT WARNING * * *
You hit the orc.
The orc is moderately wounded.
The orc hits you with a +1 whip of electrocution.
You die...

. ..# ..# ..# .#
#.#. #. #... ..
#...,. #..#.# #..#.,
.oJ,, #o# #@# #.#
#.# ..#####.##
........###
.#######.##########
###.........#
##.#######.# #.# #.#
#.# #.# #.# #.# #.#
#.# #.# ####.#####
##'## #........#
##)..###.##.###.#
##.....##.######.#
##.#.....#........#
##..#......#########
#'..#.............


You could see 2 orcs and an endoplasm.

Vanquished Creatures
  An adder (D:1)
  A ribbon worm (D:2)
  2 dart slugs
  An orc (D:4)
  3 ball pythons
  2 endoplasms (D:1)
  3 giant cockroaches (D:1)
  2 goblins
  7 hobgoblins
  A quokka (D:1)
  A bat (D:1)
  2 frilled lizards (D:1)
  8 kobolds
  4 rats
38 creatures vanquished.

Notes
Turn   | Place    | Note
-------+----------+-------------------------------------------
     0 | D:5      | petzl the Formicid Delver began the quest for the Orb.
     0 | D:5      | Reached XP level 1. HP: 18/18 MP: 1/1
     1 | D:6      | Noticed Jeremiah
     1 | D:6      | Noticed a steam dragon
    24 | D:5      | Noticed an ogre
    68 | D:5      | Noticed a lemure
    68 | D:5      | Noticed a lemure
   208 | D:4      | Noticed an iguana
   250 | D:4      | Noticed a black bear
   258 | D:3      | Noticed a bombardier beetle
   266 | D:2      | Noticed Jessica
   363 | D:1      | Reached skill level 1 in Spellcasting
   364 | D:1      | Reached XP level 2. HP: 22/23 MP: 3/3
   544 | D:1      | Reached XP level 3. HP: 27/29 MP: 6/6
   930 | D:1      | Found a runed translucent door.
  1118 | D:2      | Reached XP level 4. HP: 26/35 MP: 8/8
  1145 | D:2      | You fall into a shaft and drop 2 floors!
  1354 | D:4      | Slain by an orc

Illustrated notes

Levels and vault maps discovered:
D:1:      dpeg_arrival_caged_fury, layout_basic
D:2:      layout_rooms, nicolae_ecumenical_lake_church, uniq_natasha,
          uniq_sigmund, uniq_jessica
D:3:      minmay_general_purpose_star, layout_loops_ring, uniq_terence,
          uniq_robin
D:4:      layout_loops_corners, serial_co_window_serial, co_window_paths_b,
          co_window_paths_a, co_window_paths_a, co_window_paths_a,
          co_window_corner_a, co_window_2corner, co_window_cross_4,
          co_window_corner_b, co_window_broadway_b, co_window_cross_3,
          co_window_corner_b, co_window_corner_cb, co_window_4corner_a,
          glass_columns_b, glass_columns_a, glass_columns_b, glass_columns_c,
          guppyfry_shop_venom
D:5:      minmay_chambers_of_threes, layout_basic, uniq_pikel
D:6:      minmay_clustersquares, layout_cave_pools, temple_hall,
          uniq_prince_ribbit1, uniq_jeremiah, uniq_eustachio

Skill      XL: |  1  2  3 |
---------------+----------+-----
Spellcasting   | 1 2 3 |  3.4
Fighting       | |  3.3
Maces & Flails | |  2.0
Dodging        | |  1.8
Stealth        | |  6.0

Action                     |  1- 3 |  4- 6 || total
---------------------------+-------+-------++-------
  Melee: Mace              |    43 |       ||    43
         Punch             |     1 |       ||     1
         Dagger            |    53 |    27 ||    80
Ability: Dig               |     2 |     1 ||     3
         Shaft Self        |       |     1 ||     1
    Use: Scroll            |     1 |       ||     1
   Stab: Sleeping          |     7 |       ||     7
 Armour: Leather armour    |    71 |    20 ||    91
  Dodge: Dodged            |   105 |    16 ||   121

Table legend: (Time is in decaauts)
 A = Elapsed time spent in this place.
 B = Non-inter-level travel time spent in this place.
 C = Inter-level travel time spent in this place.
 D = Time resting spent in this place.
 E = Time spent auto-exploring this place.
 F = Levels seen in this place.
 G = Mean time per level.
                   A        B        C        D        E       F      G
               +--------+--------+--------+--------+--------+-----+--------+
         Total |   1365 |   1311 |     54 |    222 |    508 |   6 |  227.5 |
       Dungeon |   1365 |   1311 |     54 |    222 |    508 |   6 |  227.5 |
               +--------+--------+--------+--------+--------+-----+--------+

Top non-repeatable levels by time:
     D:1: 787 daAuts
     D:4: 311 daAuts
     D:5: 154 daAuts
     D:2: 101 daAuts
     D:3: 7 daAuts
     D:6: 1 daAuts
